 Dungeon Crawl Stone Soup version 0.22-a0-469-gf26638a (webtiles) character file.

85 pobbes the Caller (level 4, 0/30 HPs)
             Began as a Merfolk Summoner on June 11, 2018.
             Slain by a gnoll
             ... wielding a +0 halberd
              (15 damage)
             ... on level 3 of the Dungeon.
             The game lasted 00:13:55 (3057 turns).

pobbes the Caller (Merfolk Summoner)                Turns: 3057, Time: 00:13:56

Health: 0/30       AC:  4    Str:  8    XL:     4   Next: 48%
Magic:  1/8        EV: 13    Int: 14    God:
Gold:   107        SH:  0    Dex: 15    Spells: 5/8 levels left

rFire    + . .     SeeInvis .   b - +0 short sword
rCold    + . .     Gourm    .   (no shield)
rNeg     . . .     Faith    .   f - +0 leather armour
rPois    .         Spirit   .   (no helmet)
rElec    .         Reflect  .   m - scarf {rC+ rF+}
rCorr    .         Harm     .   (no gloves)
MR       .....                  i - +0 pair of boots
Stlth    ++........             (no amulet)
HPRegen  0.10/turn              (no ring)
MPRegen  0.11/turn              (no ring)

@: very slightly contaminated
A: change form in water, swift swim, stealthy swim
a: no special abilities


You were on level 3 of the Dungeon.
You were very hungry.

You visited 1 branch of the dungeon, and saw 3 of its levels.

You collected 107 gold pieces.

Inventory:

Hand Weapons
 b - a +0 short sword (weapon)
Missiles
 h - 17 arrows
 n - 4 javelins (quivered)
Armour
 f - a +0 leather armour (worn)
 i - a +0 pair of boots (worn)
 m - a scarf of resistance (worn)
 p - a +0 scale mail
Scrolls
 d - a scroll of noise {unknown}
 k - 3 scrolls of identify {unknown}
 l - a scroll of teleportation {unknown}
 o - a scroll of blinking {unknown}
Potions
 a - a potion of flight {unknown}
 e - 2 potions of curing {unknown}
 g - 2 potions of berserk rage {unknown}
 j - a potion of lignification {unknown}
Comestibles
 c - 5 rations


   Skills:
 + Level 0.1 Fighting
 + Level 0.9 Short Blades
 + Level 0.8 Throwing
 + Level 0.2 Armour
 + Level 3.1 Dodging
 + Level 2.4 Stealth
 + Level 2.7 Spellcasting
 + Level 4.8 Summonings


You had 5 spell levels left.
You knew the following spells:

 Your Spells              Type           Power        Failure   Level  Hunger
a - Summon Small Mammal   Summ           ###.         4%          1    #......
b - Call Imp              Summ           ###.....     7%          2    ###....

Your spell library contained the following spells:

 Spells                   Type           Power        Failure   Level  Hunger
 Summon Ice Beast         Ice/Summ       #.......     75%         4    #####..
 Call Canine Familiar     Summ           ###.....     13%         3    ###....
 Summon Lightning Spire   Summ/Air       #.......     75%         4    #####..
 Summon Guardian Golem    Hex/Summ       #.......     34%         3    ###....


Dungeon Overview and Level Annotations

Branches:
Dungeon (3/15)

Altars:


Message History

The gnoll closely misses you.
You hit the gnoll.
The gnoll is almost dead.
Your crimson imp barely misses the gnoll.
The gnoll misses you.
You closely miss the gnoll.
The gnoll is almost dead.
Your crimson imp closely misses the gnoll.
You barely miss the gnoll.
The gnoll is almost dead.
Your crimson imp blinks!
The gnoll hits you with a halberd!
You are too injured to fight recklessly!
You swap places.
The gnoll completely misses you.
Your crimson imp hits the gnoll but does no damage.
You swap places.
Your crimson imp blinks!
The gnoll hits you with a halberd!
Ouch! That really hurt!
You die...

#.......##.........#...
..#
#.........†.........#
####
#.......#########..#####
#.......# #.......
#.......# #..>...
###.##### ###..####
#.###########....#
#..........5.###.##
###########@## ##.#
......5.g.# #.#
#########§## ##.#
##.###.######
##...........
############


You could see a gnoll and 2 friendly crimson imps.

Vanquished Creatures
  An adder (D:2)
  2 worms
  3 dart slugs
  An orc (D:3)
  2 giant cockroaches (D:2)
  3 goblins
  3 hobgoblins
  A jackal (D:2)
  A ball python (D:2)
  3 bats (D:3)
  A frilled lizard (D:1)
  2 kobolds (D:1)
  4 rats
27 creatures vanquished.

Vanquished Creatures (collateral kills)
  2 adders
  An ooze (D:1)
  3 worms (D:2)
  A dart slug (D:1)
  A leopard gecko (D:1)
  5 bats
  2 giant cockroaches
  2 goblins (D:2)
  5 hobgoblins
  3 jackals
  A frilled lizard (D:2)
  3 rats
29 creatures vanquished.

Grand Total: 56 creatures vanquished

Notes
Turn   | Place    | Note
-------+----------+-------------------------------------------
     0 | D:1      | pobbes the Merfolk Summoner began the quest for the Orb.
     0 | D:1      | Reached XP level 1. HP: 13/13 MP: 3/3
   762 | D:1      | Reached XP level 2. HP: 2/19 MP: 3/5
  1482 | D:1      | Learned a level 2 spell: Call Imp
  1902 | D:1      | Reached XP level 3. HP: 24/24 MP: 6/6
  2491 | D:2      | Reached XP level 4. HP: 30/30 MP: 4/7
  3057 | D:3      | Slain by a gnoll

Vault maps used:
D:1:      dpeg_arrival_short_road
D:2:      first_ration, corexii_leaking_fountain
D:3:      glass_columns_c

Skill      XL: |  1  2 |
---------------+-------+-----
Dodging        | 3 |  3.1
Fighting       | |  0.1
Short Blades   | |  0.9
Throwing       | |  0.8
Armour         | |  0.2
Stealth        | |  2.4
Spellcasting   | |  2.7
Summonings     | |  4.8

Action                   |  1- 3 |  4- 6 || total
-------------------------+-------+-------++-------
Melee: Short sword       |    67 |     6 ||    73
       Unarmed           |     5 |       ||     5
Throw: Javelin           |    15 |    35 ||    50
 Cast: Summon Small Mamm |    30 |       ||    30
       Call Imp          |    18 |     5 ||    23
  Use: Scroll            |       |     1 ||     1
  Eat: Chunk             |     6 |     2 ||     8
Armor: Leather armour    |    38 |     1 ||    39
Dodge: Dodged            |    77 |    13 ||    90

Table legend:
 A = Spawn XP
 B = Non-spawn XP
 C = Spawn XP percentage of total XP
 D = Spawn monster count
 E = Non-spawn monster count
 F = Spawn count percentage of total count
 G = Total turns spent on level
                    A         B        C        D         E        F      G
               +---------+---------+-------+---------+---------+-------+---------
         Total |       0 |     122 |   0.0 |       0 |      56 |   0.0 |  3057
               +---------+---------+-------+---------+---------+-------+---------
           D:1 |       0 |      37 |   0.0 |       0 |      24 |   0.0 |  2067
           D:2 |       0 |      57 |   0.0 |       0 |      22 |   0.0 |   739
           D:3 |       0 |      28 |   0.0 |       0 |      10 |   0.0 |   251
               +---------+---------+-------+---------+---------+-------+---------
